 Dungeon Crawl Stone Soup version 0.23.2-30-g0e89c35649 (webtiles) character file.

Game seed: 6131168120495115456

7534 HEYYEYAAE the Basher (level 10, 0/98 HPs)
             Began as a Troll Berserker on June 19, 2019.
             Was a High Priest of Trog.
             Succumbed to a hornet's poison
             ... on level 9 of the Dungeon.
             The game lasted 00:10:23 (7410 turns).

HEYYEYAAE the Basher (Troll Berserker)              Turns: 7410, Time: 00:10:23

Health: 0/98       AC:  7    Str: 30    XL:     10   Next: 96%
Magic:  9/9        EV: 10    Int:  3    God:    Trog [*****.]
Gold:   430        SH:  4    Dex:  9    Spells: 9/9 levels left

rFire    . . .     SeeInvis .   n - +2 whip (elec)
rCold    . . .     Gourm    +   (no shield)
rNeg     . . .     Faith    .   b - +0 animal skin
rPois    .         Spirit   .   (helmet restricted)
rElec    .         Reflect  +   h - +0 cloak
rCorr    .         Harm     .   (gloves unavailable)
MR       ++...                  (boots unavailable)
Stlth    ++........             x - +4 amulet of reflection
HPRegen  1.66/turn              A - ring of stealth
MPRegen  0.11/turn              (no ring)

@: lethally poisoned (0 -> -2), about to teleport, very slightly contaminated,
regenerating, slowed, very slow
A: large, unfitting armour, claws 3, fast metabolism 3, gourmand, regeneration
1, shaggy fur 1, tough skin 3
a: Berserk, Trog's Hand, Brothers in Arms, Renounce Religion


You were on level 9 of the Dungeon.
You worshipped Trog.
Trog was extremely pleased with you.
You were not hungry.

You visited 1 branch of the dungeon, and saw 9 of its levels.
You also visited: Sewer.

You collected 478 gold pieces.
You spent 48 gold pieces at shops.

Inventory:

Hand Weapons
 n - a +2 whip of electrocution (weapon)
 w - a +0 giant club
 C - a +4 dire flail
Missiles
 v - 3 large rocks (quivered)
Armour
 b - a +0 animal skin (worn)
 h - a +0 cloak (worn)
Jewellery
 x - a +4 amulet of reflection (around neck)
 A - a ring of stealth (left claw)
Wands
 y - a wand of random effects (14)
 z - a wand of polymorph (16)
 B - a wand of iceblast (6)
Scrolls
 d - a scroll of fear
 f - a scroll of magic mapping
 g - 7 scrolls of remove curse
 m - 3 scrolls of teleportation
 o - 3 scrolls of noise
 p - a scroll of immolation {unknown}
 u - 3 scrolls of blinking
 D - a scroll of enchant armour {unknown}
Potions
 a - a potion of lignification
 e - 2 potions of curing {unknown}
 i - 3 potions of haste
 j - a potion of agility
 k - 4 potions of cancellation {unknown}
 l - a potion of flight {unknown}
 q - a potion of degeneration {unknown}
 s - a potion of heal wounds {unknown}
 t - a potion of ambrosia {unknown}
Miscellaneous
 r - a phial of floods (inert)
Comestibles
 c - 14 rations


   Skills:
 + Level 5.6 Fighting
 + Level 14.1 Maces & Flails
 - Level 2.4 Dodging


You had 9 spell levels left.
You didn't know any spells.
Your spell library contained the following spells:

 Spells                   Type           Power        Failure   Level  Hunger
 Animate Skeleton         Necr           N/A          52%         1    ##.....
 Magic Dart               Conj           #...         52%         1    ##.....
 Pain                     Necr           #...         52%         1    ##.....
 Regeneration             Chrm/Necr      #.........   88%         3    ####...
 Vampiric Draining        Necr           #.........   88%         3    ####...
 Animate Dead             Necr           N/A          99%         4    #####..


Dungeon Overview and Level Annotations

Branches:
Dungeon (9/15)             Temple (0/1) D:7            Lair (0/6) D:8
    Orc: D:9-12

Altars:
Gozag
Kikubaaqudgha
Makhleb
Nemelex Xobeh
Okawaru
Qazlal
Sif Muna
Vehumet
Wu Jian

Shops:
D:5 ?


Innate Abilities, Weirdness & Mutations

You are too large for most types of armour.
You have claws for hands.
Your metabolism is lightning-fast.
You like to eat raw meat.
Your natural rate of healing is unusually fast.
You are covered in fur. (AC +1)
You have extremely tough skin. (AC +3)


Message History

Unknown command.
Unknown command.
Unknown command.
Unknown command.
Okay, then.
Blink to where?
Press: ? - help, Dir - move target cursor You are very lightly contaminated with residual magic.
As you read the scroll of blinking, it crumbles to dust.
* * * LOW HITPOINT WARNING * * *
You feel very sick.
As you read the scroll of teleportation, it crumbles to dust.
You feel strangely unstable.
* * * LOW HITPOINT WARNING * * *
You feel very sick.
Okay, then.
Your skin crawls.
You feel resistant to hostile enchantments.
You feel somewhat more hungry.
You die...

............... ......)a.......
.....# ########y########.....##
#........a..............
#..........y............
#.......................
'...........s...........
#.......................
#...............@.......
#########....####################
.........#.........#.........
.........#.........'.........
.........#.).......#.........
.........#.........#.....รท...
..##.....####'######.########
..#.............#....# .....
#.............#....# .....


You could see a hornet, a scorpion and a worker ant.

Vanquished Creatures
  A two-headed ogre (D:8)
  The ghost of teukkam the Covered, a novice MiFi of Gozag (D:8)
  An elephant (D:8)
  A kobold demonologist (D:8)
  The ghost of doot the Caller, a novice TeSu of Sif Muna (D:5)
  A hippogriff (D:9)
  A basilisk (D:8)
  A spriggan (D:8)
  A yak (D:8)
  2 hungry ghosts
  A water moccasin (D:7)
  Duvessa (D:6)
  A black bear (D:9)
  A sky beast (D:7)
  A phantom (D:7)
  5 ogres
  3 ice beasts
  A necrophage (D:6)
  6 centaurs
  A crocodile (D:7)
  9 big kobolds
  2 bullfrogs
  Dowan (D:6)
  A scorpion (D:8)
  18 killer bees
  3 wights (D:8)
  A centaur zombie (D:6)
  3 crimson imps
  A jelly (D:7)
  3 hounds
  3 orc priests
  2 orc wizards
  A bullfrog skeleton (D:7)
  Natasha (thrice) (D:3)
  An iguana (D:4)
  5 worker ants
  A killer bee zombie (D:6)
  A hound zombie (D:9)
  8 gnolls
  10 adders
  2 river rats (D:4)
  2 oozes
  An adder zombie (D:7)
  A worm (D:4)
  3 dart slugs
  8 leopard geckos
  7 orcs
  13 giant cockroaches
  7 goblins
  4 hobgoblins
  10 jackals
  3 quokkas
  5 ball pythons
  8 bats
  17 frilled lizards
  A jackal zombie (D:8)
  13 kobolds
  2 quokka skeletons (D:5)
  9 rats
225 creatures vanquished.

Vanquished Creatures (collateral kills)
  Menkaure (D:6)
  A scorpion (D:8)
2 creatures vanquished.

Grand Total: 227 creatures vanquished

Notes
Turn   | Place    | Note
-------+----------+-------------------------------------------
     0 | D:1      | HEYYEYAAE the Troll Berserker began the quest for the Orb.
     0 | D:1      | Reached XP level 1. HP: 22/22 MP: 0/0
    72 | D:1      | Reached skill level 3 in Maces & Flails
   105 | D:1      | Reached XP level 2. HP: 13/29 MP: 1/1
   366 | D:1      | Reached XP level 3. HP: 36/36 MP: 2/2
   522 | D:1      | Reached ** piety under Trog
   719 | D:2      | Reached skill level 4 in Maces & Flails
  1471 | D:3      | Reached XP level 4. HP: 44/44 MP: 3/3
  1721 | D:3      | Noticed Natasha
  1728 | D:3      | Killed Natasha
  1728 | D:3      | Reached skill level 5 in Maces & Flails
  1739 | D:3      | Noticed Natasha
  1750 | D:3      | Killed Natasha
  1750 | D:3      | Reached XP level 5. HP: 44/50 MP: 4/4
  1761 | D:3      | Noticed Natasha
  1771 | D:3      | Killed Natasha
  1771 | D:3      | Reached *** piety under Trog
  2035 | D:4      | Reached skill level 6 in Maces & Flails
  2084 | D:4      | Reached XP level 6. HP: 59/59 MP: 5/5
  2249 | D:4      | Found a glowing drain.
  2270 | Sewer    | Entered a sewer
  2463 | Sewer    | Reached **** piety under Trog
  2499 | Sewer    | Reached skill level 7 in Maces & Flails
  2764 | D:5      | Entered Level 5 of the Dungeon
  2805 | D:5      | Received a gift from Trog
  2810 | D:5      | You fall through a shaft!
  2827 | D:6      | Reached XP level 7. HP: 66/66 MP: 6/6
  2958 | D:6      | Noticed Dowan
  2977 | D:6      | Killed Dowan
  2977 | D:6      | Reached skill level 8 in Maces & Flails
  2989 | D:6      | Noticed Duvessa
  3001 | D:6      | Killed Duvessa
  3036 | D:6      | Noticed Menkaure
  3097 | D:6      | Killed Menkaure
  3097 | D:6      | Reached skill level 9 in Maces & Flails
  3097 | D:6      | Reached XP level 8. HP: 74/74 MP: 7/7
  3234 | D:5      | Found an iron altar of Okawaru.
  3401 | D:5      | Found Tahuris's Magic Scroll Emporium.
  3413 | D:5      | Bought a scroll of identify for 24 gold pieces
  3413 | D:5      | Bought a scroll of identify for 24 gold pieces
  3446 | D:5      | Reached skill level 10 in Maces & Flails
  3532 | D:5      | Found a runed translucent door.
  3537 | D:5      | Noticed doot's ghost (novice TeSu)
  3661 | D:5      | Killed doot's ghost
  4156 | D:6      | Found a radiant altar of Vehumet.
  4156 | D:6      | Found an ancient bone altar of Kikubaaqudgha.
  4157 | D:6      | Found a deep blue altar of Sif Muna.
  4162 | D:6      | Identified Vehumet's Volume of Arcane Weapons
  4249 | D:7      | Reached skill level 11 in Maces & Flails
  4249 | D:7      | Reached XP level 9. HP: 79/80 MP: 8/8
  4389 | D:7      | Found a staircase to the Ecumenical Temple.
  5034 | D:7      | Found an opulent altar of Gozag.
  5400 | D:8      | Found a staircase to the Lair.
  5400 | D:8      | Noticed an elephant
  5617 | D:8      | Reached skill level 12 in Maces & Flails
  5621 | D:8      | Noticed a two-headed ogre
  5634 | D:8      | Reached ***** piety under Trog
  5634 | D:8      | Received a gift from Trog
  5639 | D:8      | Killed a two-headed ogre
  5663 | D:8      | Reached skill level 13 in Maces & Flails
  5739 | D:8      | Found a stormy altar of Qazlal.
  5740 | D:8      | Found a burning altar of Makhleb.
  5753 | D:8      | Reached XP level 10. HP: 84/88 MP: 9/9
  5781 | D:8      | Found a sparkling altar of Nemelex Xobeh.
  6053 | D:8      | Received a gift from Trog
  6175 | D:8      | Killed an elephant
  6186 | D:8      | Found an ornate altar of the Wu Jian Council.
  6426 | D:8      | Found a runed translucent gate.
  6463 | D:8      | Found a runed translucent gate.
  6463 | D:8      | Found a runed translucent gate.
  6463 | D:8      | Identified the +7 whip "Killer Bee's Peril" {drain, Str+3
                  | Int+2}
  6464 | D:8      | Noticed teukkam's ghost (novice MiFi)
  7013 | D:8      | Killed teukkam's ghost
  7013 | D:8      | Reached skill level 5 in Fighting
  7094 | D:9      | Reached skill level 14 in Maces & Flails
  7405 | D:9      | Paralysed by a hornet for 3 turns
  7408 | D:9      | HP: 4/98 [poisoned by a hornet]
  7410 | D:9      | Succumbed to a hornet's poison

Skill      XL: |  1  2  3  4  5  6  7  8  9 10 |
---------------+-------------------------------+-----
Maces & Flails | 3 4 5 6 7 9 11 13 14 | 14.1
Fighting       | 5 |  5.6
Dodging        | |  2.4

Action                   |  1- 3 |  4- 6 |  7- 9 | 10-12 || total
-------------------------+-------+-------+-------+-------++-------
Melee: Mace              |   143 |    24 |       |       ||   167
       Whip              |       |   176 |   260 |   233 ||   669
Invok: Berserk           |     1 |     6 |     5 |     4 ||    16
       Trog's Hand       |       |       |       |     1 ||     1
Evoke: Phial of floods   |       |       |     2 |     1 ||     3
  Use: Scroll            |     3 |     2 |     6 |     3 ||    14
       Potion            |       |       |     1 |       ||     1
 Stab: Sleeping          |       |     1 |       |     1 ||     2
  Eat: Chunk             |    18 |    20 |    16 |    17 ||    71
       Ration            |       |       |     4 |       ||     4
Armor: Animal skin       |    79 |    91 |    44 |    45 ||   259
Dodge: Dodged            |    99 |    85 |    98 |    79 ||   361
Block: Other             |       |       |    22 |    27 ||    49
       Reflection        |       |       |     5 |     2 ||     7
